 Dungeon Crawl Stone Soup version 0.30.0-29-ga12c61a403 (webtiles) character file.

Game seed: 13503021866381905005

259 Fodor the Covered (level 5, -4/47 HPs)
             Began as a Minotaur Fighter on June 19, 2023.
             Slain by a kobold brigand
             ... wielding a +0 whip
              (7 damage)
             ... on level 3 of the Dungeon.
             The game lasted 00:10:33 (2256 turns).

Fodor the Covered (Minotaur Fighter)                Turns: 2256, Time: 00:10:35

Health: -4/47      AC:  7    Str: 22    XL:     5   Next: 95%
Magic:  4/4        EV: 10    Int:  5    God:
Gold:   114        SH:  0    Dex: 10    Spells: 4/4 levels left

rFire   . . .        l - +4 quarterstaff
rCold   . . .        (shield currently unavailable)
rNeg    . . .        b - +0 scale mail
rPois   .            (helmet restricted)
rElec   .            (no cloak)
rCorr   .            (no gloves)
SInv    +            (no boots)
Will    .....        (no amulet) Stlth
                     g - ring of see invisible
HPRegen 0.27/turn    (no ring)
MPRegen 0.09/turn

%: no passive effects
@: very slow
A: horns 2, retaliatory headbutt
a: no special abilities


You were on level 3 of the Dungeon.
You visited 1 branch of the dungeon, and saw 3 of its levels.

You collected 114 gold pieces.

Inventory:

Hand Weapons
 a - a +0 long sword
 l - a +4 quarterstaff (weapon)
Armour
 b - a +0 scale mail (worn)
 c - a +0 buckler
Jewellery
 g - a ring of see invisible (left hand)
Wands
 p - a wand of flame (16)
Scrolls
 f - 2 scrolls of immolation {unknown}
 h - a scroll of enchant armour {unknown}
 i - 2 scrolls of torment {unknown}
 k - 2 scrolls of identify {unknown}
 m - a scroll of butterflies {unknown}
 o - a scroll of vulnerability {unknown}
Potions
 d - a potion of might
 j - 3 potions of haste
 n - a potion of resistance {unknown}


   Skills:
 + Level 4.7 Fighting
 + Level 3.4 Long Blades
 + Level 3.2 Staves
 + Level 5.2 Armour
 + Level 1.4 Dodging
 + Level 0.2 Stealth
 + Level 4.1 Shields


You had 4 spell levels left.
You didn't know any spells.
Your spell library contained the following spells:

 Spells                   Type           Power      Damage    Failure   Level
 Iskenderun's Battlesphe  Conj           0%         2d6       100%        5
 Iron Shot                Conj/Erth      0%         9d1       100%        6
 Spellforged Servitor     Conj/Summ      0%         N/A       100%        7


Dungeon Overview and Level Annotations

Branches:
Dungeon (3/15)

Altars:
Wu Jian


Innate Abilities, Weirdness & Mutations

You have a pair of horns on your head.
You reflexively headbutt those who attack you in melee.


Message History

The orc priest splashes around in the water.
The jackal closely misses you.
Your unstable footing causes you to fumble your attack.
The jackal barely misses you.
The orc priest hits you from afar with a +0 trident.
The jackal bites you. The orc priest barely misses you.
Your unstable footing causes you to fumble your attack.
The jackal splashes around in the water.
An orc comes into view. It is wielding a +0 flail.
The orc priest barely misses you.
Your unstable footing causes you to fumble your attack.
The orc shouts!
The jackal closely misses you.
The kobold brigand drinks a potion.
The kobold brigand goes berserk!
The jackal splashes around in the water.
The orc priest begins to cast a cantrip, but forgets the words!
You completely miss the jackal.
The jackal is severely wounded.
The jackal splashes around in the water.
The orc priest looks braver for a moment.
The kobold brigand rages.
The jackal bites you but does no damage.
Your unstable footing causes you to fumble your attack.
The orc priest calls down the wrath of Beogh upon you.
Beogh smites you!
* * * LOW HITPOINT WARNING * * *
The jackal bites you.
* * * LOW HITPOINT WARNING * * *
You closely miss the jackal.
The jackal is severely wounded.
The jackal completely misses you. The orc priest barely misses you.
The kobold brigand hits you but does no damage.
The jackal splashes around in the water.
You hit the jackal.
You kill the jackal!
The kobold brigand closely misses you.
The orc priest hits you from afar with a +0 trident.
* * * LOW HITPOINT WARNING * * *
The kobold brigand hits you with a +0 whip!
You die...

#.≈≈≈....# #.~≈~....#
..#.≈≈~....#
#'###≈~P...# #####+++
#############...#≈~....#
........
............#...#≈≈....#
≈~≈~≈...
~~~~~o≈g~~~≈#####≈~....#
≈≈≈≈~...
~≈≈≈≈≈≈K≈≈≈≈≈≈≈≈≈≈~....#
~~~~~...
~~~≈~≈~@†~~~~≈~~~≈~....#
........
...o....)..............#
).####.
########################
### ..# #.# #.# #.# ##
#.# ..


You could see a kobold brigand (berserk), an orc priest, a gnoll and an orc.

Vanquished Creatures
  3 howler monkeys (D:3)
  2 hounds (D:3)
  A gnoll (D:3)
  2 adders (D:2)
  A dart slug (D:2)
  An orc (D:3)
  6 bats
  3 endoplasms
  2 giant cockroaches (D:1)
  A goblin (D:1)
  A hobgoblin (D:1)
  13 jackals
  7 kobolds
  7 ball pythons
  3 rats
53 creatures vanquished.

Notes
Turn   | Place    | Note
-------+----------+-------------------------------------------
     0 | D:1      | Fodor the Minotaur Fighter began the quest for the Orb.
     0 | D:1      | Reached XP level 1. HP: 19/19 MP: 0/0
   266 | D:1      | Reached XP level 2. HP: 27/27 MP: 1/1
   900 | D:2      | Reached skill level 4 in Armour
   934 | D:2      | Reached XP level 3. HP: 33/33 MP: 2/2
  1037 | D:2      | Found an ornate altar of the Wu Jian Council.
  1577 | D:2      | Found a faded altar of an unknown god.
  1820 | D:3      | Reached skill level 1 in Staves
  1820 | D:3      | Reached XP level 4. HP: 14/40 MP: 3/3
  1828 | D:3      | Reached skill level 1 in Dodging
  1837 | D:3      | Reached XP level 5. HP: 19/47 MP: 4/4
  1844 | D:3      | HP: 2/47 [jackal (3)]
  1845 | D:3      | Reached skill level 5 in Armour
  2256 | D:3      | Slain by a kobold brigand

Illustrated notes

Levels and vault maps discovered:
D:1:      tarquinn_simple_flora_water_c, layout_loops_ring, nrook_campfire,
          hex_tiny
D:2:      layout_basic, basic_altar, ebering_ecumenical_altar_hall
D:3:      lemuel_castle_with_subvaults [lemuel_castle_interior_carwin_3],
          layout_basic, mainiacjoe_overflow_alcove_1,
          grunt_temple_overflow_open, uniq_sigmund

Skill      XL: |  1  2  3  4  5 |
---------------+----------------+-----
Shields        | 4 |  4.1
Fighting       | 4 |  4.7
Armour         | 4 5 |  5.2
Long Blades    | 3 |  3.4
Staves         | 1 2 3 |  3.2
Dodging        | 1 |  1.4
Stealth        | |  0.2

Action                     |  1- 3 |  4- 6 || total
---------------------------+-------+-------++-------
  Melee: Long sword        |    39 |       ||    39
         Headbutt          |     5 |     1 ||     6
         Quarterstaff      |    42 |    45 ||    87
    Use: Potion            |       |     3 ||     3
 Armour: Scale mail        |    65 |    27 ||    92
  Dodge: Dodged            |    68 |    47 ||   115
  Block: Buckler           |     8 |       ||     8
